Match 25314214
Unlisted

Match 25314214
End
Construct Barracks
Selects Airborne Battlegroup
Selects Airborne Battlegroup
Selects Pathfinders
Pathfinder Squad
Riflemen Squad
M1 Mortar Team
Selects Paratrooper Squad Paradrop
Paratrooper Squad Paradrop
Mechanized Support Center
Paratrooper Squad Paradrop
Meta warrioR
TidaL
寒风涤雪
𝓢𝓛𝓚 |音奏
Despe
azaza
0
0

Comments sign in to comment!

No comments posted yet!